 Dungeon Crawl Stone Soup version 0.30-a0-879-ga8ba668304 (webtiles) character file.

Game seed: 15132867063276321432

974 dracfodder the Chopper (level 8, -9/49 HPs)
             Began as a Gargoyle Fighter on Mar 14, 2023.
             Killed by divine providence
             ... invoked by an orc priest
              (14 damage)
             ... on level 6 of the Dungeon.
             The game lasted 00:12:14 (4488 turns).

dracfodder the Chopper (Gargoyle Fighter)           Turns: 4488, Time: 00:12:16

Health: -9/49      AC: 12    Str: 22    XL:     8   Next: 16%
Magic:  8/8        EV: 10    Int:  9    God:
Gold:   399        SH:  0    Dex:  9    Spells: 7/7 levels left

rFire   . . .      SeeInvis .    r - +0 executioner's axe
rCold   . . .      Faith    .    (shield currently unavailable)
rNeg    + . .      Spirit   .    s - +0 scale mail
rPois   ∞          Reflect  .    (no helmet)
rElec   +          Rampage  .    (no cloak)
rCorr   .                        (no gloves)
Will    .....                    (no boots) Stlth
                                 (no amulet)
HPRegen 0.28/turn                (no ring)
MPRegen 0.11/turn                (no ring)

@: mighty, studying Axes
A: sickness immunity, AC +5, negative energy resistance 1, electricity
resistance, torment resistance 1, petrification resistance
a: no special abilities


You were on level 6 of the Dungeon.
You visited 1 branch of the dungeon, and saw 6 of its levels.

You collected 399 gold pieces.

Inventory:

Hand Weapons
 a - a +1 war axe
 b - a +0 sling
 r - a +0 executioner's axe (weapon)
 u - a +0 shortbow
Missiles
 e - 2 boomerangs (quivered)
Armour
 c - a +1 buckler
 h - a +0 tower shield
 s - a +0 scale mail (worn)
Jewellery
 m - a ring of wizardry
Scrolls
 n - a scroll of teleportation
 v - a scroll of magic mapping
Potions
 f - a potion of flight
 g - 3 potions of lignification {unknown}
 i - 2 potions of ambrosia {unknown}
 j - 5 potions of degeneration {unknown}
 k - 5 potions of heal wounds {unknown}
 l - a potion of cancellation {unknown}
 o - a potion of haste {unknown}
 p - 4 potions of curing {unknown}
 q - a potion of mutation {unknown}


   Skills:
 + Level 5.0 Fighting
 + Level 6.1 Axes
 + Level 0.3 Ranged Weapons
 + Level 0.3 Throwing
 + Level 5.1 Armour
 + Level 2.0 Dodging
 + Level 0.8 Stealth
 + Level 4.3 Shields


You had 7 spell levels left.
You didn't know any spells.
Your spell library contained the following spells:

 Spells                   Type           Power      Damage    Failure   Level
 Beastly Appendage        Tmut           0%         N/A       69%         1
 Kiss of Death            Conj/Necr      0%         2d5       69%         1
 Wereblood                Tmut           0%         N/A       83%         2
 Confusing Touch          Hex            0%         N/A       96%         3
 Frozen Ramparts          Ice            0%         1d1       96%         3
 Spider Form              Tmut/Pois      0%         N/A       96%         3
 Dispel Undead            Necr           0%         3d6       100%        4
 Ice Form                 Ice/Tmut       0%         N/A       100%        4
 Summon Ice Beast         Ice/Summ       0%         N/A       100%        4


Dungeon Overview and Level Annotations

Branches:
Dungeon (6/15)
 Temple: D:4-7

Altars:
Hepliaklqana
Sif Muna
Yredelemnul


Innate Abilities, Weirdness & Mutations

You are immune to sickness and miasma.
Your stone body is resilient. (AC +5)
You are immune to poison.
You resist negative energy. (rN+)
You are resistant to electric shocks. (rElec)
You are resistant to unholy torment.
You are immune to petrification.


Message History

You bump into the rock wall.
The orc wizard hits you but does no damage.
You miss the orc wizard.
The orc wizard hits you but does no damage.
You bump into the rock wall.
The orc wizard barely misses you.
You bump into the rock wall.
The orc priest looks satisfied for a moment.
The orc wizard gestures wildly while chanting.
The orc wizard flickers and vanishes!
Deactivating autopickup; reactivate with Ctrl-A.
You hear a shout!
You barely miss something.
You feel less confused.
The orc priest mumbles some strange prayers to Beogh against you.
Beogh smites you! Something hits you but does no damage.
An orc comes into view. It is wielding a +0 whip.
Something hits you but does no damage.
You barely miss something. Something hits you but does no damage.
You miss something. You barely miss the orc. The orc hits you with a +0 whip.
Something hits you. The orc hits you but does no damage.
Something hits you but does no damage.
You miss something. You barely miss the orc. The orc barely misses you.
Something hits you but does no damage. x2
The orc priest calls down the wrath of Beogh upon you.
Beogh smites you!
* * * LOW HITPOINT WARNING * * *
You closely miss something. You slash the orc!
You kill the orc!
An orc comes into view. It is wielding a +0 whip.
Something hits you but does no damage.
You feel very mighty all of a sudden. The orc barely misses you.
Something hits you but does no damage.
You closely miss something. You barely miss the orc.
The orc hits you with a +0 whip.
* * * LOW HITPOINT WARNING * * *
Something hits you.
* * * LOW HITPOINT WARNING * * *
The orc priest calls down the wrath of Beogh upon you.
Beogh smites you!
You die...

.## ## .# ... ...
.. ####... ..##.
#.....# #....
#.... #..##...
#...o######.#
##..)@{oo...#
##...######...
########.)......#
..<......))...).#
#####.........#
#.........#
#.<.......#
#.........#
#..........


You could see an orc priest and 2 orcs.

Vanquished Creatures
  3 ogres
  2 centaurs (D:5)
  A phantom (D:3)
  A scorpion (D:3)
  A sleepcap (D:5)
  2 hounds (D:5)
  A jelly (D:5)
  An orc priest (D:4)
  Terence (D:2)
  2 iguanas (D:4)
  2 gnolls (D:6)
  11 adders
  A shadow imp (D:5)
  2 worms
  3 dart slugs
  9 orcs
  3 ball pythons
  5 endoplasms
  4 giant cockroaches
  6 goblins
  4 hobgoblins
  4 jackals (D:5)
  6 kobolds
  6 quokkas
  6 bats
  2 frilled lizards
  4 rats
93 creatures vanquished.

Vanquished Creatures (others)
  4 plants (D:1)
  5 withered plants (D:1)
9 creatures vanquished.

Grand Total: 102 creatures vanquished

Notes
Turn   | Place    | Note
-------+----------+-------------------------------------------
     0 | D:1      | dracfodder the Gargoyle Fighter began the quest for the
                  | Orb.
     0 | D:1      | Reached XP level 1. HP: 14/14 MP: 1/1
   165 | D:1      | Found a faded altar of an unknown god.
   304 | D:1      | Reached XP level 2. HP: 13/19 MP: 2/2
   355 | D:1      | Reached skill level 2 in Axes
   874 | D:2      | Reached XP level 3. HP: 23/23 MP: 3/3
   923 | D:2      | Reached skill level 3 in Axes
   923 | D:2      | Reached XP level 4. HP: 28/28 MP: 4/4
   939 | D:2      | Noticed Terence
   953 | D:2      | Killed Terence
  1213 | D:2      | Reached XP level 5. HP: 31/33 MP: 5/5
  2008 | D:3      | Reached skill level 4 in Axes
  2125 | D:3      | Noticed a phantom
  2134 | D:3      | Killed a phantom
  2135 | D:3      | Reached XP level 6. HP: 34/38 MP: 6/6
  2886 | D:4      | Reached skill level 1 in Dodging
  3397 | D:5      | Entered Level 5 of the Dungeon
  3407 | D:5      | Found a hazy altar of Hepliaklqana.
  3428 | D:5      | Found a basalt altar of Yredelemnul.
  3572 | D:5      | Reached XP level 7. HP: 42/44 MP: 7/7
  3882 | D:5      | Reached skill level 5 in Axes
  3923 | D:5      | HP: 2/44 [ogre/+0 giant club (23)]
  4123 | D:5      | Found a shimmering blue altar of Sif Muna.
  4139 | D:5      | Reached XP level 8. HP: 18/48 MP: 8/8
  4443 | D:6      | Reached skill level 5 in Fighting
  4443 | D:6      | Reached skill level 6 in Axes
  4443 | D:6      | Reached skill level 5 in Armour
  4454 | D:6      | Identified a scroll of acquirement
  4454 | D:6      | Acquired a manual of Axes
  4488 | D:6      | Killed from afar by an orc priest

Illustrated notes

Levels and vault maps discovered:
D:1:      psy_arrival_conway, layout_loops_ring,
          shapermc_ecumenical_altar_flowoftime, kennysheep_decorative_pillar,
          item_on_display_a
D:2:      layout_basic, nicolae_half_adder, uniq_terence
D:3:      layout_rooms, hex_medium
D:4:      layout_basic
D:5:      layout_loops_ring, lemuel_doored_altar, amcnicky_altar_gilded,
          mainiacjoe_overflow_boulevard, minivault_19, minmay_bent
D:6:      layout_rooms, nicolae_uskayaw_murder_on_the_dancefloor,
          nicolae_kite_square_tiling_tiny

Skill      XL: |  1  2  3  4  5  6  7  8 |
---------------+-------------------------+-----
Axes           | 2 3 4 5 6 |  6.1
Armour         | 4 5 |  5.1
Fighting       | 4 5 |  5.0
Dodging        | 1 2 |  2.0
Shields        | 4 |  4.3
Ranged Weapons | |  0.3
Throwing       | |  0.3
Stealth        | |  0.8

Action                     |  1- 3 |  4- 6 |  7- 9 || total
---------------------------+-------+-------+-------++-------
  Melee: War axe           |    81 |   135 |       ||   216
         Executioner's axe |       |    10 |    50 ||    60
   Fire: Sling             |       |     5 |       ||     5
  Throw: Boomerang         |       |     8 |       ||     8
    Use: Scroll            |       |    12 |     2 ||    14
         Potion            |       |       |     1 ||     1
 Armour: Scale mail        |    50 |    94 |    41 ||   185
  Dodge: Dodged            |    51 |    65 |    45 ||   161
  Block: Buckler           |    19 |    27 |       ||    46
         Tower shield      |       |    11 |       ||    11

Table legend: (Time is in decaauts)
 A = Elapsed time spent in this place.
 B = Non-inter-level travel time spent in this place.
 C = Inter-level travel time spent in this place.
 D = Time resting spent in this place.
 E = Time spent auto-exploring this place.
 F = Levels seen in this place.
 G = Mean time per level.
                   A        B        C        D        E       F      G
               +--------+--------+--------+--------+--------+-----+--------+
         Total |   4619 |   4511 |    108 |    438 |   3264 |   6 |  769.8 |
       Dungeon |   4619 |   4511 |    108 |    438 |   3264 |   6 |  769.8 |
               +--------+--------+--------+--------+--------+-----+--------+

Top non-repeatable levels by time:
     D:2: 1117 daAuts
     D:5: 1072 daAuts
     D:4: 903 daAuts
     D:1: 836 daAuts
     D:3: 633 daAuts
     D:6: 56 daAuts
